 Dungeon Crawl Stone Soup version 0.16-a0-5-g756871a (webtiles) character file.

5225 Aelig the Frost Mage (level 10, 0/56 HPs)
             Began as an Octopode Ice Elementalist on Aug 3, 2014.
             Was a Follower of Ashenzari.
             Splashed by a brown ugly thing's acid (13 damage)
             ... on Level 10 of the Dungeon.
             The game lasted 01:01:16 (17260 turns).

Aelig the Frost Mage (Octopode Ice Elementalist)   Turns: 17260, Time: 01:01:16

HP   0/56        AC  1     Str  8      XL: 10   Next: 61%
MP  11/22        EV 12     Int 21      God: Ashenzari [*.....]
Gold 367         SH  0     Dex 12      Spells:  4 memorised,  7 levels left

rFire  + . .     SeeInvis +     b - staff of energy
rCold  . . .     Clarity  +     (no shield)
rNeg   + . .     rCorr    .     (helmet restricted)
rPois  .         rRot     .     n - amulet of clarity
rElec  .         Spirit   .     k - cursed ring of positive energy
SustAb +         Warding  .     y - ring of protection from magic
rMut   .         Stasis   .     o - cursed ring of sustain abilities
Gourm  .                        u - ring of protection from magic
MR     ++...                    A - cursed ring of protection from fire
                                C - ring of see invisible
                                (no ring)
                                (no ring)

@: very resistant to hostile enchantments, fairly stealthy
A: almost no armour, amphibious, 8 rings, constrict 8, camouflage 1, gelatinous
body 1
a: Renounce Religion


You were on level 10 of the Dungeon.
You worshipped Ashenzari.
Ashenzari was aware of your devotion.
You were not hungry.

You visited 2 branches of the dungeon, and saw 11 of its levels.

You collected 577 gold pieces.
You spent 210 gold pieces at shops.

Inventory:

Hand weapons
 a - a +0 dagger of holy wrath
Missiles
 q - 2 throwing nets (quivered)
Magical devices
 j - a wand of draining (4)
 D - a wand of fire (13) {unknown}
 H - a wand of draining (6)
Comestibles
 c - 3 bread rations
 p - 2 meat rations
 x - 3 royal jellies
Scrolls
 d - a scroll of blinking
 f - a scroll of curse jewellery
 g - 2 scrolls of curse weapon
 i - a scroll of immolation {unknown}
 r - 3 scrolls of teleportation
 s - 2 scrolls of identify
 v - 3 scrolls of remove curse
 z - a scroll of brand weapon {unknown}
 E - 2 scrolls of noise {unknown}
 F - a scroll of magic mapping {unknown}
 G - a scroll of curse armour
 K - a scroll of fog {unknown}
Jewellery
 k - a cursed ring of positive energy (left tentacle)
 n - an amulet of clarity (around mantle)
 o - a cursed ring of sustain abilities (on tentacle)
 u - a ring of protection from magic (on tentacle)
 y - a ring of protection from magic (right tentacle)
 A - a cursed ring of protection from fire (on tentacle)
 C - a ring of see invisible (on tentacle)
Potions
 e - 3 potions of heal wounds
 h - 7 potions of curing
 l - 3 potions of mutation {unknown}
 m - a potion of resistance
 t - 2 potions of brilliance
 B - a potion of agility
 L - a potion of flight {unknown}
 N - a potion of restore abilities {unknown}
Books
 w - a book of Callings

   Spells                             Type                      Level
   Summon Small Mammal                Summoning                    1
   Call Imp                           Summoning                    2
   Call Canine Familiar               Summoning                    3
   Summon Guardian Golem              Hexes/Summoning              4
   Summon Lightning Spire             Summoning/Air                4
   Summon Ice Beast                   Ice/Summoning                4
 I - a book of Unlife

   Spells                             Type                      Level
   Recall                             Summoning/Translocation      3
   Animate Dead                       Necromancy                   4
   Control Undead                     Necromancy                   4
   *Twisted Resurrection              Necromancy                   5
   Death Channel                      Necromancy                   6
   Simulacrum                         Ice/Necromancy               6
Magical staves
 b - an uncursed staff of energy (weapon)


   Skills:
 - Level 2.0 Dodging
 - Level 2.6 Stealth
 - Level 5.0 Spellcasting
 - Level 8.3 Conjurations
 + Level 6.7 Necromancy
 - Level 10.3 Ice Magic


You had 7 spell levels left.
You knew the following spells:

 Your Spells              Type           Power        Failure   Level  Hunger
a - Freeze                Ice            ####         1%          1    None
b - Throw Frost           Conj/Ice       #####.       1%          2    None
c - Throw Icicle          Conj/Ice       #####...     2%          4    None
d - Twisted Resurrection  Necr           ####......   21%         5    None


Dungeon Overview and Level Annotations

Branches:
Dungeon (10/15)            Temple (1/1) D:6
    Orc: D:9-12        Lair: D:8-11

Altars:
Ashenzari
Cheibriados
Dithmenos
Elyvilon
Fedhas
Gozag
Kikubaaqudgha
Makhleb
Nemelex Xobeh
Okawaru
Qazlal
Sif Muna
Trog
Vehumet
Xom
Yredelemnul
Zin
The Shining One

Shops:
D:7 *   D:9 *   D:10 =

Annotations:
D:5 exclusion: downstairs
D:6 exclusion: downstairs
D:7 exclusion: downstairs


Innate Abilities, Weirdness & Mutations

You cannot wear most types of armour.
You are amphibious.
You can wear up to eight rings at the same time.
You can use your tentacles to constrict many enemies at once.
Your skin changes colour to match your surroundings (Stealth).
Your rubbery body absorbs attacks (AC +1).


Message History

The brown ugly thing is moderately wounded.
Casting: Throw Icicle
Confirm with . or Enter, or press ? or * to list all spells.
Aiming: Throw Icicle
Press: ? - help, Shift-Dir - straight line, f/p - brown ugly thing
Aim: a brown ugly thing (moderately wounded)
The shard of ice hits the brown ugly thing.
The brown ugly thing is moderately wounded.
Casting: Throw Icicle
Confirm with . or Enter, or press ? or * to list all spells.
Aiming: Throw Icicle
Press: ? - help, Shift-Dir - straight line, f/p - brown ugly thing
Aim: a brown ugly thing (moderately wounded)
The shard of ice hits the brown ugly thing.
The brown ugly thing is heavily wounded.
The brown ugly thing pecks you!
You are splashed with acid!
The acid burns!
The brown ugly thing pecks you!
* * * LOW HITPOINT WARNING * * *
You are splashed with acid!
The acid burns!
You die...

#[# #.# #.#
###.#
#.#####...###
#...........#
#..####.#.#.#
#..
#.#.#.######
#.#........#
#.###.####.#
.. #@# #. #u#
#.###.####.#
#..........#
#.###.######
###.###.#
#%......#
#########


You could see a brown ugly thing.

Vanquished Creatures
  2 hill giants
  A trapdoor spider zombie (D:9)
  A sky beast (D:8)
  4 ice beasts
  An orc warrior (D:6)
  2 black bears
  A phantom (D:8)
  8 ogres
  3 centaurs
  2 big kobolds (D:9)
  A gnoll sergeant (D:7)
  2 giant frogs
  4 scorpions
  6 electric eels (D:9)
  A killer bee (D:9)
  2 wights (D:8)
  2 crimson imps
  4 hounds
  3 goliath beetles
  3 jellies
  2 giant frog skeletons (D:9)
  3 orc priests
  A soldier ant zombie (D:9)
  2 centaur skeletons (D:5)
  6 worker ants
  An elf skeleton (D:9)
  6 orc wizards
  3 iguanas
  A hound zombie (D:7)
  12 gnolls
  3 shadow imps
  A giant mite (D:8)
  10 adders
  An inept feature mimic (D:7)
  2 worms
  An adder zombie (D:8)
  An iguana skeleton (D:7)
  6 giant geckos
  33 orcs
  2 ball pythons
  13 bats
  16 goblins
  25 hobgoblins
  4 quokkas
  5 giant cockroaches
  6 giant newts
  2 giant spores (D:6)
  A goblin skeleton (D:4)
  A goblin zombie (D:5)
  A hobgoblin skeleton (D:4)
  8 jackals
  41 kobolds
  An orc zombie (D:9)
  22 rats
  A rat zombie (D:7)
  18 ballistomycetes
315 creatures vanquished.

Vanquished Creatures (others)
  2 giant spores (D:9)
2 creatures vanquished.

Grand Total: 317 creatures vanquished

Notes
Turn   | Place    | Note
--------------------------------------------------------------
     0 | D:1      | Aelig, the Octopode Ice Elementalist, began the quest for the Orb.
     0 | D:1      | Reached XP level 1. HP: 11/11 MP: 3/3
   532 | D:1      | Reached XP level 2. HP: 13/17 MP: 4/4
  1124 | D:1      | Reached skill level 4 in Ice Magic
  1268 | D:2      | Reached XP level 3. HP: 21/21 MP: 4/6
  1398 | D:2      | Learned a level 2 spell: Throw Frost
  1858 | D:2      | Reached XP level 4. HP: 25/27 MP: 0/7
  2145 | D:2      | Found a glowing golden altar of the Shining One.
  2200 | D:3      | Reached skill level 5 in Ice Magic
  2894 | D:3      | Reached XP level 5. HP: 16/31 MP: 2/9
  3407 | D:3      | Reached skill level 6 in Ice Magic
  3610 | D:2      | Reached XP level 6. HP: 10/36 MP: 7/10
  4479 | D:3      | Found a shimmering altar of Xom.
  4550 | D:3      | Noticed a black bear
  4577 | D:3      | Killed a black bear
  4577 | D:3      | Reached XP level 7. HP: 31/41 MP: 3/12
  5122 | D:4      | Found a snail-covered altar of Cheibriados.
  5918 | D:5      | Entered Level 5 of the Dungeon
  6019 | D:4      | Reached skill level 5 in Conjurations
  7009 | D:5      | Reached XP level 8. HP: 46/46 MP: 9/18
  7862 | D:5      | Reached skill level 5 in Spellcasting
  8090 | D:5      | Reached skill level 7 in Ice Magic
  8667 | D:6      | Learned a level 4 spell: Throw Icicle
  9128 | D:6      | Found a staircase to the Ecumenical Temple.
  9285 | Temple   | Entered the Ecumenical Temple
  9322 | Temple   | Became a worshipper of Ashenzari the Shackled
  9851 | D:7      | Reached skill level 8 in Ice Magic
  9963 | D:8      | Reached XP level 9. HP: 51/51 MP: 13/21
 11036 | D:7      | Reached skill level 9 in Ice Magic
 11478 | D:7      | Noticed a hill giant
 11589 | D:7      | Killed a hill giant
 11904 | D:7      | Found Frogeevy's Assorted Antiques.
 12220 | D:8      | Reached skill level 10 in Ice Magic
 12634 | D:8      | Reached XP level 10. HP: 56/56 MP: 15/22
 13451 | D:7      | Learned a level 5 spell: Twisted Resurrection
 13548 | D:8      | Reached skill level 1 in Necromancy
 13848 | D:9      | Found Medaz's Assorted Antiques.
 15040 | D:10     | Entered Level 10 of the Dungeon
 15083 | D:9      | Noticed a hill giant
 15523 | D:9      | Killed a hill giant
 15523 | D:9      | Reached skill level 5 in Necromancy
 16895 | D:10     | Found Culiq's Jewellery Boutique.
 17157 | D:10     | Bought an uncursed ring of see invisible for 210 gold pieces
 17250 | D:10     | Noticed a brown ugly thing
 17260 | D:10     | Splashed by a brown ugly thing's acid

Action                   |  1- 3 |  4- 6 |  7- 9 | 10-12 || total
-------------------------+-------+-------+-------+-------++-------
Melee: Dagger            |    63 |    65 |   240 |    72 ||   440
       Unarmed           |     1 |       |       |       ||     1
       Staff             |       |       |       |   112 ||   112
 Cast: Freeze            |     8 |    55 |   125 |    18 ||   206
       Throw Frost       |     9 |    13 |    87 |    36 ||   145
       Throw Icicle      |       |       |    26 |    33 ||    59
Evoke: Wand              |       |       |     3 |     1 ||     4
  Use: Scroll            |       |       |    11 |     1 ||    12
 Stab: Sleeping          |     6 |     3 |     4 |     2 ||    15
       Distracted        |       |     1 |       |     1 ||     2
  Eat: Chunk             |     3 |     4 |    27 |     7 ||    41
       Bread ration      |       |     1 |       |     1 ||     2
       Beef jerky        |       |     1 |       |     1 ||     2
       Pizza             |       |       |     2 |     1 ||     3
       Fruit             |       |       |       |     2 ||     2
